[Event "18th IND-chT Women 2020"]
[Site "Ahmedabad"]
[Date "2020.02.11"]
[Round "5.11"]
[White "Anagha Yardi"]
[Black "Sheena, E.."]
[Result "0-1"]
[ECO "E90"]
[WhiteElo "1154"]
[BlackElo "1731"]
[Annotator "NA RC"]
[PlyCount "78"]
[EventDate "2020.02.05"]
[EventCountry "IND"]
[SourceTitle "playchess.com"]
[Source "ChessBase"]
[SourceQuality "1"]
[TimeControl "5400+30"]

1. d4 g6 2. c4 Bg7 3. Nc3 Nf6 4. Nf3 d6 5. e4 Nbd7 6. h3 e5 7. Be3 O-O 8. Bd3 c6 9. d5 cxd5 10. cxd5 Nh5 11. Qd2 a6 12. Bh6 Nc5 13. Bc2 Re8 14. Bxg7 Kxg7 15. b4 Nd7 16. Ne2 Nb6 17. a4 Bd7 18. Bb3 Rc8 19. Qe3 f5 20. Nd2 fxe4 21. Qxe4 Bf5 22. Qe3 Nf6 23. g4 Bc2 24. a5 Bxb3 25. Qxb3 Na8 26. O-O Nc7 27. Nc3 Rf8 28. Nde4 Nxe4 29. Nxe4 Nb5 30. Kg2 Rf4 31. f3 Nd4 32. Qd3 Rc2+ 33. Nd2 Qc8 34. Rf2 Rc3 35. Qf1 Nc2 36. Kg3 Nxa1 37. Qxa1 Rxb4 38. Qe1 Rc1 39. Qe3 Rg1+ 0-1

[Event "18th IND-chT Women 2020"]
[Site "Ahmedabad"]
[Date "2020.02.11"]
[Round "5.12"]
[White "Prajeesha K"]
[Black "Bindu, Saritha K."]
[Result "0-1"]
[ECO "D17"]
[WhiteElo "1417"]
[BlackElo "1583"]
[Annotator "NA RC"]
[PlyCount "112"]
[EventDate "2020.02.05"]
[EventCountry "IND"]
[SourceTitle "playchess.com"]
[Source "ChessBase"]
[SourceQuality "1"]
[TimeControl "5400+30"]

1. d4 d5 2. c4 c6 3. Nf3 Nf6 4. Nc3 dxc4 5. a4 Bf5 6. Ne5 Nbd7 7. Nxc4 g6 8. g3 Bg7 9. Bg2 Nb6 10. Ne5 Nbd5 11. Qb3 Qb6 12. Qxb6 axb6 13. Nxd5 cxd5 14. Bd2 O-O 15. O-O Bc2 16. Bb4 Rfe8 17. a5 bxa5 18. Rxa5 Rxa5 19. Bxa5 Rc8 20. Bb6 Ba4 21. Ra1 Bb5 22. Bc5 e6 23. Bf1 Ne4 24. Nf3 Nxc5 25. Rc1 Bd7 26. dxc5 Bxb2 27. Rb1 Ba3 28. Ne5 Rc7 29. Nxd7 Rxd7 30. e3 Bxc5 31. Bb5 Rd8 32. Bd3 b6 33. Ra1 Rd7 34. Ra4 e5 35. Bb5 Rc7 36. Kf1 d4 37. exd4 Bxd4 38. Rc4 Rxc4 39. Bxc4 Kg7 40. Ke2 f5 41. f3 Bg1 42. h3 Kf6 43. Kf1 Bc5 44. Ke2 e4 45. fxe4 fxe4 46. Bd5 Ke5 47. Bg8 h6 48. Bf7 g5 49. h4 gxh4 50. gxh4 b5 51. Bb3 Kd4 52. Be6 Bd6 53. h5 Bf4 54. Bf7 Kc3 55. Bg6 e3 56. Kd1 b4 0-1

[Event "18th IND-chT Women 2020"]
[Site "Ahmedabad"]
[Date "2020.02.12"]
[Round "6.4"]
[White "Rakshitta, Ravi"]
[Black "Bindu, Saritha K."]
[Result "1-0"]
[ECO "B01"]
[WhiteElo "2214"]
[BlackElo "1583"]
[Annotator "RC"]
[PlyCount "67"]
[EventDate "2020.02.05"]
[EventCountry "IND"]
[SourceTitle "playchess.com"]
[Source "ChessBase"]
[SourceQuality "1"]
[TimeControl "5400+30"]

1. e4 d5 2. exd5 Qxd5 3. Nc3 Qa5 4. d4 c6 5. Nf3 Nf6 6. Bc4 Bg4 7. h3 Bh5 8. Bd2 Qc7 9. g4 Bg6 10. Ne5 Nbd7 11. Qe2 e6 12. h4 Nxe5 13. dxe5 Nd5 14. h5 Bxc2 15. Rc1 Nxc3 16. Bxc3 Ba4 17. b3 Bb5 18. Bxb5 cxb5 19. Qxb5+ Qc6 20. Qxc6+ bxc6 21. Bd4 Kd7 22. Ke2 Be7 23. Rhd1 Kc7 24. Bc3 a5 25. Rd4 f6 26. Rc4 Kb8 27. h6 gxh6 28. exf6 Bd6 29. Rd1 Rd8 30. Rcd4 Kc7 31. Rxd6 Rxd6 32. Be5 Rad8 33. Rxd6 Rxd6 34. f7 1-0

[Event "18th IND-chT Women 2020"]
[Site "Ahmedabad"]
[Date "2020.02.12"]
[Round "6.5"]
[White "Kulkarni Bhakti"]
[Black "Priyanka Nutakki"]
[Result "1-0"]
[ECO "D24"]
[WhiteElo "2404"]
[BlackElo "2212"]
[Annotator "ChessBase"]
[PlyCount "93"]
[EventDate "2020.02.05"]
[EventCountry "IND"]
[SourceTitle "playchess.com"]
[Source "ChessBase"]
[SourceQuality "1"]
[TimeControl "5400+30"]

1. d4 d5 2. Nf3 Nf6 3. c4 e6 4. Nc3 dxc4 5. e4 b5 6. e5 Nd5 7. Nxb5 Nb6 8. Be2 Nc6 9. O-O Rb8 10. Be3 Ba6 11. Nc3 Be7 12. b3 O-O 13. Ne4 Nb4 14. a3 N4d5 15. Bd2 Qc8 16. b4 Rd8 17. Qc2 Qd7 18. Nc5 Bxc5 19. dxc5 Qa4 20. Qe4 Nd7 21. Bd1 Qc6 22. Nd4 Qa8 23. Bg5 Bb7 24. Bxd8 Rxd8 25. Bf3 a5 26. Rfc1 c6 27. Be2 axb4 28. axb4 Qb8 29. f4 Nxb4 30. Rxc4 Nd5 31. Rcc1 Qc7 32. g3 g6 33. Bf3 Nb8 34. Be2 Nd7 35. Ra3 Rb8 36. Nb3 Ba8 37. Bc4 Ne7 38. Rca1 Rb4 39. Ra7 Bb7 40. Qd3 Nc8 41. R7a3 Nxc5 42. Nxc5 Qb6 43. Qd4 Ne7 44. Rb3 Nf5 45. Qf2 Rxb3 46. Bxb3 Qxb3 47. Rd1 1-0

[Event "18th IND-chT Women 2020"]
[Site "Ahmedabad"]
[Date "2020.02.12"]
[Round "6.6"]
[White "Aakanksha, Hagawane"]
[Black "Tania, Sachdev"]
[Result "1/2-1/2"]
[ECO "C28"]
[WhiteElo "2230"]
[BlackElo "2397"]
[Annotator "ChessBase"]
[PlyCount "64"]
[EventDate "2020.02.05"]
[EventCountry "IND"]
[SourceTitle "playchess.com"]
[Source "ChessBase"]
[SourceQuality "1"]
[TimeControl "5400+30"]

1. e4 e5 2. Bc4 Nc6 3. Nc3 Nf6 4. d3 Bc5 5. f4 exf4 6. Bxf4 d6 7. Nf3 Be6 8. Bxe6 fxe6 9. d4 Bb4 10. Qd3 Qd7 11. a3 Bxc3+ 12. bxc3 O-O-O 13. O-O h6 14. Rab1 g5 15. Bg3 Nh5 16. Qb5 b6 17. Qa6+ Kb8 18. d5 exd5 19. exd5 Ne7 20. Nd4 Nxg3 21. Rf7 Qc8 22. Qxc8+ Rxc8 23. Rxe7 Nh5 24. g3 Nf6 25. c4 Rce8 26. Rbe1 Rxe7 27. Rxe7 Re8 28. Nc6+ Kb7 29. Rxe8 Nxe8 30. Kf2 Nf6 31. Kf3 b5 32. cxb5 Nxd5 1/2-1/2

[Event "18th IND-chT Women 2020"]
[Site "Ahmedabad"]
[Date "2020.02.12"]
[Round "6.7"]
[White "Vijayalakshmi, Subbaraman"]
[Black "Nandhidhaa, P V"]
[Result "1/2-1/2"]
[ECO "D02"]
[WhiteElo "2331"]
[BlackElo "2339"]
[Annotator "ChessBase"]
[PlyCount "115"]
[EventDate "2020.02.05"]
[EventCountry "IND"]
[SourceTitle "playchess.com"]
[Source "ChessBase"]
[SourceQuality "1"]
[TimeControl "5400+30"]

1. Nf3 d5 2. d4 Nf6 3. Bf4 e6 4. e3 c5 5. Nbd2 Bd6 6. Bg3 O-O 7. c3 Qc7 8. Bd3 Nbd7 9. O-O b6 10. Qe2 Bb7 11. e4 Bxg3 12. hxg3 dxe4 13. Nxe4 cxd4 14. Nxd4 Nxe4 15. Bxe4 Bxe4 16. Qxe4 Nf6 17. Qe2 Rfd8 18. Rad1 a5 19. Rd2 b5 20. Rfd1 h6 21. Nc2 Rxd2 22. Qxd2 Nd5 23. Ne3 Nxe3 24. Qxe3 Rd8 25. Rd4 Qe7 26. Kf1 Rxd4 27. Qxd4 Qg5 28. Ke2 g6 29. b3 Qc1 30. Qd2 Qb1 31. Ke3 Qf1 32. Kf3 h5 33. Qe2 Qa1 34. Qc2 Kf8 35. Qd2 Ke8 36. Ke4 Qg1 37. f4 Qc5 38. Kf3 Ke7 39. Qe3 Qa3 40. Qa7+ Ke8 41. Qb8+ Ke7 42. Qc7+ Kf6 43. Qd8+ Kg7 44. Qd2 Kf8 45. g4 hxg4+ 46. Kxg4 Ke7 47. Qf2 Ke8 48. g3 Qc1 49. Qd4 Qh1 50. Qe5 Qd1+ 51. Kh3 Qf1+ 52. Kg4 Qd1+ 53. Kh3 Qh1+ 54. Kg4 Kf8 55. c4 bxc4 56. bxc4 Qd1+ 57. Kh4 Qh1+ 58. Kg4 1/2-1/2

[Event "18th IND-chT Women 2020"]
[Site "Ahmedabad"]
[Date "2020.02.12"]
[Round "6.8"]
[White "Srija, Seshadri"]
[Black "Meenakshi Subbaraman"]
[Result "0-1"]
[ECO "C41"]
[WhiteElo "2205"]
[BlackElo "2162"]
[Annotator "ChessBase"]
[PlyCount "120"]
[EventDate "2020.02.05"]
[EventCountry "IND"]
[SourceTitle "playchess.com"]
[Source "ChessBase"]
[SourceQuality "1"]
[TimeControl "5400+30"]

1. e4 d6 2. d4 Nf6 3. Nc3 e5 4. Nf3 Nbd7 5. Bc4 Be7 6. h3 O-O 7. O-O c6 8. a4 exd4 9. Nxd4 d5 10. exd5 Nb6 11. Bd3 Nbxd5 12. Nce2 Nb4 13. Bf5 c5 14. Bxc8 Qxc8 15. c3 cxd4 16. cxb4 Rd8 17. Nxd4 Bxb4 18. Be3 Qd7 19. Qb3 a5 20. Rfd1 Qd5 21. Qc2 Rac8 22. Qe2 Qc4 23. Qxc4 Rxc4 24. b3 Rcc8 25. Nb5 Nd5 26. Bd4 f6 27. Rac1 Rxc1 28. Rxc1 Nf4 29. Kf1 Ne6 30. Rc4 Kf7 31. g3 h5 32. Ke2 Rd7 33. Be3 Rd8 34. h4 g5 35. hxg5 fxg5 36. Nc7 Rg8 37. Nxe6 Kxe6 38. Rc7 Kf5 39. Rxb7 Kg4 40. Rc7 h4 41. gxh4 gxh4 42. Rc1 Rh8 43. Rg1+ Kf5 44. Kf3 Be7 45. Rg7 h3 46. Bf4 Bf6 47. Rg1 Rh4 48. Bh2 Rb4 49. Rb1 Rd4 50. Re1 Rd3+ 51. Re3 Rxe3+ 52. Kxe3 Kg4 53. Ke4 Bc3 54. f3+ Kh4 55. Kd5 Be1 56. Kc6 Bg3 57. Bg1 Kg5 58. Kb6 Kf4 59. Kxa5 Kxf3 60. Kb6 Kg2 0-1

[Event "18th IND-chT Women 2020"]
[Site "Ahmedabad"]
[Date "2020.02.12"]
[Round "6.9"]
[White "Harshini A"]
[Black "Divyabharathi Masanam"]
[Result "1-0"]
[ECO "B35"]
[WhiteElo "2194"]
[BlackElo "1747"]
[Annotator "ChessBase"]
[PlyCount "89"]
[EventDate "2020.02.05"]
[EventCountry "IND"]
[SourceTitle "playchess.com"]
[Source "ChessBase"]
[SourceQuality "1"]
[TimeControl "5400+30"]

1. e4 c5 2. Nf3 Nc6 3. d4 cxd4 4. Nxd4 g6 5. Nc3 Bg7 6. Be3 Nf6 7. Bc4 O-O 8. Bb3 Ng4 9. Qxg4 Nxd4 10. Qd1 Nxb3 11. axb3 b6 12. Bd4 f6 13. h4 Bb7 14. h5 g5 15. h6 Bh8 16. Qg4 e6 17. Rh5 e5 18. Be3 Qe7 19. Nd5 Qe6 20. Qf3 Bxd5 21. exd5 e4 22. dxe6 exf3 23. exd7 fxg2 24. O-O-O Rfd8 25. f4 gxf4 26. Bxf4 Rxd7 27. Rg1 Kf7 28. Rxg2 Rg8 29. Rxg8 Kxg8 30. c4 Kf7 31. c5 bxc5 32. Rxc5 f5 33. Rxf5+ Ke6 34. Ra5 Bd4 35. Kc2 Kf6 36. Bd2 Bb6 37. Rh5 Bd4 38. Bc3 Kg6 39. Rh3 Bf6 40. Bxf6 Kxf6 41. Rg3 Re7 42. b4 Re5 43. Ra3 Kg6 44. Ra6+ Kg5 45. Ra5 1-0

[Event "18th IND-chT Women 2020"]
[Site "Ahmedabad"]
[Date "2020.02.12"]
[Round "6.10"]
[White "Bala Kannamma P"]
[Black "Michelle Catherina, P."]
[Result "1/2-1/2"]
[ECO "A07"]
[WhiteElo "2095"]
[BlackElo "2175"]
[Annotator "ChessBase"]
[PlyCount "112"]
[EventDate "2020.02.05"]
[EventCountry "IND"]
[SourceTitle "playchess.com"]
[Source "ChessBase"]
[SourceQuality "1"]
[TimeControl "5400+30"]

1. Nf3 d5 2. g3 Nd7 3. Bg2 e5 4. d3 Ngf6 5. O-O Bd6 6. c4 c6 7. cxd5 cxd5 8. d4 e4 9. Ne1 h6 10. b3 b5 11. Nc2 Rb8 12. Bd2 a5 13. Ne3 Nf8 14. b4 Ng6 15. a3 a4 16. Nc3 Be7 17. f3 h5 18. fxe4 dxe4 19. Be1 O-O 20. Nxe4 Nxe4 21. Bxe4 Bf6 22. Nd5 Bg5 23. Bg2 h4 24. e4 h3 25. Bh1 Ne7 26. Nxe7+ Qxe7 27. Bf2 Re8 28. d5 Bf6 29. Ra2 Be5 30. Bc5 Qg5 31. Qf3 Rb7 32. Qf2 Qg6 33. Bd4 Bd6 34. Rc2 Bd7 35. Re1 f6 36. Bf3 Rbb8 37. Qe2 Qh6 38. Be3 Qh7 39. Bf4 Be5 40. Bxe5 Rxe5 41. Rc7 Rd8 42. Qf2 Qg6 43. Qa7 Qe8 44. Rf1 f5 45. d6 Kh8 46. Bh5 Qxh5 47. Rxd7 Rxd7 48. Qxd7 Qe2 49. Qd8+ Re8 50. Qh4+ Kg8 51. Qxh3 Qe3+ 52. Kh1 Qxe4+ 53. Qg2 Qd3 54. h4 Rd8 55. Rf3 Qd1+ 56. Kh2 Qxd6 1/2-1/2

[Event "18th IND-chT Women 2020"]
[Site "Ahmedabad"]
[Date "2020.02.12"]
[Round "6.11"]
[White "Varshini, V."]
[Black "Senthamizh Yazhini S"]
[Result "1-0"]
[ECO "B15"]
[WhiteElo "2242"]
[BlackElo "1615"]
[Annotator "ChessBase"]
[PlyCount "129"]
[EventDate "2020.02.05"]
[EventCountry "IND"]
[SourceTitle "playchess.com"]
[Source "ChessBase"]
[SourceQuality "1"]
[TimeControl "5400+30"]

1. e4 c6 2. d4 d5 3. Nc3 dxe4 4. Nxe4 Nf6 5. Nxf6+ exf6 6. Nf3 Bd6 7. Be2 O-O 8. O-O Re8 9. Be3 Nd7 10. c4 Nf8 11. Qb3 Qe7 12. c5 Bb8 13. Bc4 Bg4 14. Ne1 Be6 15. Rd1 f5 16. Nf3 Bc7 17. Bg5 f6 18. Bc1 Rad8 19. Bxe6+ Nxe6 20. Rfe1 Qf7 21. Qc4 g5 22. d5 Ng7 23. Qa4 Rxe1+ 24. Rxe1 Rxd5 25. Qxa7 h5 26. g3 h4 27. Qa8+ Bd8 28. b4 Qd7 29. Qa4 Ne6 30. Qc2 Nd4 31. Nxd4 Rxd4 32. Qb3+ Kg7 33. Bb2 Rd3 34. Qc4 h3 35. a4 f4 36. Qe4 b6 37. b5 fxg3 38. hxg3 Qd5 39. bxc6 Qxe4 40. Rxe4 Kf7 41. Rd4 Rxd4 42. Bxd4 bxc5 43. Bxc5 Ke6 44. f3 f5 45. Be3 Kd6 46. g4 fxg4 47. fxg4 Kxc6 48. Kh2 Kd5 49. Kxh3 Kc4 50. Bd2 Bc7 51. Kg2 Kb3 52. a5 Ka4 53. a6 Bb6 54. Kf3 Kb5 55. Be3 Kxa6 56. Bxb6 Kxb6 57. Ke4 Kc6 58. Kf5 Kd7 59. Kxg5 Ke8 60. Kh6 Kf7 61. g5 Kg8 62. Kg6 Kh8 63. Kf7 Kh7 64. g6+ Kh6 65. g7 1-0